Map: [ESL] Data-C

Players

HeroMarine - Winner!

  • Race: Terran Terran
  • Spawn Location: 9:00

ShoWTimE

  • Race: Protoss Protoss
  • Spawn Location: 3:00

Event: DreamHack SC2 Masters 2022 Atlanta (Online)

VOD

Have the link to the VOD?

Description

Time

  • Played on: Oct. 11, 2022, 12:32 p.m.
  • Length: 9:49

All games in this series

Show
View Real Time Build Order
Export as new Build Order

HeroMarine Terran - Winner!

Build Orders: 1/1/1 

Get SALT Encoding   

  12  0:00  SCV  
  13  0:12  SCV  
  14  0:17  Supply Depot  
  14  0:24  SCV  
  15  0:38  SCV  
  15  0:39  Barracks  
  16  0:43  Refinery  
  16  0:50  SCV  
  16  0:53  Refinery  
  17  1:03  SCV  
  18  1:15  SCV  
  19  1:21  Supply Depot  
  19  1:26  Reaper  
  19  1:29  Orbital Command  
  20  1:43  Factory  
  20  1:55  SCV  
  21  2:03  Barracks Reactor  
  21  2:07  SCV  
  22  2:17  Command Center  
  22  2:20  SCV  
  23  2:29  Starport  
  23  2:32  SCV  
  23  2:36  Widow Mine  
  26  2:45  Supply Depot, SCV  
  27  2:52  Marine x2  
  27  2:57  Widow Mine  
  31  3:06  Medivac  
  31  3:07  SCV  
  31  3:10  Marine x2  
  36  3:19  SCV  
  37  3:20  Factory Tech Lab  
  37  3:29  Orbital Command  
  37  3:31  SCV  
  38  3:38  Cyclone  
  38  3:41  Marine x2  
  42  3:43  SCV  
  42  3:47  Viking  
  45  3:51  Supply Depot  
  45  3:55  SCV  
  46  3:56  SCV  
  46  4:00  Marine  
  46  4:01  Marine  
  49  4:08  SCV x2  
  51  4:13  Cyclone  
  51  4:15  Supply Depot  
  54  4:19  Viking  
  54  4:21  Marine  
  54  4:23  Marine  
  58  4:25  SCV  
  58  4:27  SCV  
  60  4:37  SCV  
  61  4:39  SCV, Marine  
  61  4:40  Marine  
  61  4:44  Supply Depot  
  64  4:46  Cyclone  
  64  4:49  SCV  
  64  4:51  SCV  
  67  5:01  SCV  
  67  5:02  Barracks, Viking  
  67  5:03  Barracks  
  67  5:06  SCV  
  71  5:08  Supply Depot  
  71  5:14  SCV  
  72  5:16  Marine x2  
  72  5:18  SCV  
  73  5:23  Siege Tank  
  73  5:26  SCV  
  75  5:30  SCV  
  75  5:34  Marine x2  
  76  5:38  SCV  
  76  5:41  Viking  
  76  5:42  SCV  
  80  5:46  Engineering Bay  
  80  5:50  SCV  
  80  5:52  Marine x2  
  80  5:54  SCV  
  84  6:01  Barracks Tech Lab  
  84  6:02  SCV  
  85  6:04  Barracks  
  85  6:06  SCV, Barracks  
  85  6:07  Refinery x2  
  86  6:12  Stimpack  
  86  6:21  Supply Depot  
  86  6:22  Supply Depot, SCV x2, Marine x2  
  86  6:23  Supply Depot  
  86  6:24  Terran Infantry Weapons Level 1  
  85  6:32  Marine  
  85  6:34  SCV  
  85  6:35  SCV  
  85  6:37  Marine  
  89  6:40  Marine x2  
  89  6:43  Factory Reactor  
  89  6:44  Starport Reactor  
  89  6:47  SCV x2  
  93  6:50  Marine  
  94  6:55  Command Center  
  94  6:59  SCV x2, Marine  
  94  7:00  Marine x2  
  93  7:08  Combat Shield, Marine  
  86  7:09  Barracks Reactor, Barracks Tech Lab  
  87  7:17  Marine  
  87  7:19  Marauder  
  87  7:21  Marine  
  87  7:22  Medivac x2  
  95  7:24  Widow Mine  
  95  7:26  Marauder  
  95  7:29  Widow Mine  
  99  7:33  Marauder  
  99  7:35  Marine  
  102  7:38  Marine  
  102  7:40  SCV  
  102  7:41  SCV  
  105  7:46  Marauder  
  105  7:48  Supply Depot, Marauder  
  105  7:49  Supply Depot  
  105  7:50  Widow Mine x2  
  113  7:56  Marauder  
  99  7:59  Marine  
  99  8:03  Marine x2  
  91  8:07  Marauder  
  91  8:08  Marine  
  91  8:09  Marauder  
  91  8:10  Medivac x2  
  97  8:12  SCV  
  97  8:14  SCV  
  98  8:22  Marauder  
  98  8:24  Widow Mine  
  102  8:27  Orbital Command  
  102  8:28  Marauder  
  102  8:30  SCV  
  102  8:31  SCV  
  108  8:34  Widow Mine  
  108  8:35  Concussive Shells  
  108  8:39  Marauder  
  108  8:40  Medivac  
  112  8:43  SCV, Marine x2  
  112  8:44  Marauder  
  112  8:45  Widow Mine  
  112  8:46  SCV  
  120  8:49  Medivac  
  120  8:52  Marauder, Marine  
  120  8:55  SCV, Widow Mine, Marine  
  127  9:00  SCV x2, Marauder  
  127  9:01  Supply Depot  
  127  9:06  Widow Mine  
  127  9:07  SCV  
  127  9:08  Marauder  
  127  9:09  Marine x2  
  132  9:10  Marine  
  132  9:12  Supply Depot  
  132  9:13  Supply Depot, Marauder  
  132  9:16  Medivac  
  139  9:17  Widow Mine  
  139  9:22  Marauder, Marine  
  142  9:28  Widow Mine  
  142  9:30  Marine x2  
  147  9:34  SCV x2  
Show
View Real Time Build Order
Export as new Build Order

ShoWTimE Protoss 

Build Orders: 1 Gate Expand, Oracle Opening 

Get SALT Encoding   

  12  0:00  Probe  
  13  0:12  Probe  
  14  0:17  Pylon  
  14  0:24  Probe  
  15  0:35  Gateway  
  15  0:36  Probe (Chrono Boost)  
  16  0:45  Probe (Chrono Boost)  
  16  0:46  Assimilator  
  17  0:51  Probe (Chrono Boost)  
  18  1:03  Probe  
  19  1:15  Probe  
  20  1:23  Nexus  
  20  1:32  Cybernetics Core  
  20  1:36  Probe  
  21  1:43  Assimilator  
  21  1:48  Probe  
  21  1:51  Pylon  
  22  2:00  Probe  
  23  2:06  Adept (Chrono Boost)  
  23  2:13  Probe  
  26  2:18  Stargate  
  26  2:25  Probe (Chrono Boost)  
  26  2:29  Adept  
  29  2:35  Probe (Chrono Boost)  
  30  2:43  Probe (Chrono Boost)  
  32  2:44  Warp Gate, Probe (Chrono Boost)  
  32  2:49  Probe x2 (Chrono Boost)  
  34  2:58  Shield Battery  
  34  2:59  Adept  
  34  3:01  Probe x2  
  38  3:06  Oracle (Chrono Boost)  
  41  3:13  Probe x2  
  41  3:18  Pylon  
  43  3:21  Gateway  
  43  3:25  Probe  
  43  3:26  Probe  
  45  3:33  Oracle (Chrono Boost)  
  45  3:37  Probe  
  45  3:40  Probe  
  50  3:41  Adept  
  52  3:49  Probe  
  52  3:52  Probe, Pylon  
  51  4:02  Nexus  
  51  4:06  Oracle (Chrono Boost)  
  54  4:11  Shield Battery  
  54  4:13  Probe x2  
  56  4:17  Shield Battery  
  56  4:21  Assimilator  
  56  4:24  Pylon  
  56  4:26  Probe x2  
  58  4:33  Stalker x2  
  62  4:42  Probe x2  
  62  4:43  Pylon  
  64  4:45  Assimilator  
  64  4:54  Probe x2  
  64  4:57  Stalker x2  
  70  5:03  Pylon  
  70  5:06  Probe  
  70  5:07  Probe  
  70  5:18  Probe x2  
  70  5:19  Probe  
  73  5:24  Stalker x2  
  77  5:30  Probe x2  
  77  5:31  Probe  
  80  5:37  Twilight Council  
  80  5:38  Robotics Facility  
  80  5:42  Probe  
  81  5:43  Probe x2  
  81  5:45  Gateway x2  
  83  5:50  Gateway  
  83  5:54  Probe  
  83  5:55  Probe  
  83  5:56  Probe  
  83  6:00  Stalker x2  
  84  6:07  Probe x2, Pylon  
  86  6:17  Charge (Chrono Boost)  
  84  6:21  Pylon  
  84  6:25  Stalker x2  
  88  6:27  Probe  
  88  6:29  Shield Battery  
  81  6:36  Shield Battery  
  79  6:42  Stalker x2  
  79  6:44  Zealot  
  85  6:48  Immortal (Chrono Boost)  
  85  6:52  Zealot x2  
  93  6:58  Nexus  
  87  7:06  Stalker x3  
  87  7:07  Phoenix (Chrono Boost)  
  91  7:11  Pylon  
  90  7:17  Pylon x2  
  90  7:25  Pylon  
  90  7:28  Pylon  
  90  7:29  Pylon  
  90  7:33  Pylon  
  88  7:39  Zealot x4  
  88  7:42  Zealot  
  96  7:48  Phoenix  
  98  7:54  Probe x2  
  86  7:59  Shield Battery, Zealot  
  86  8:00  Zealot  
  78  8:06  Zealot x2, Probe  
  83  8:15  Robotics Bay  
  83  8:18  Pylon  
  83  8:19  Robotics Facility  
  83  8:20  Sentry x3  
  83  8:24  Immortal (Chrono Boost)  
  93  8:31  Pylon  
  93  8:42  Zealot x2  
  93  8:44  Pylon  
  97  8:52  Zealot x3  
  101  8:59  Colossus (Chrono Boost)  
  97  9:14  Zealot x5  
  111  9:24  Phoenix  
  109  9:34  Zealot x5  
Tags
 
Add a new tag
Caveats
  • Supply blocks, unpowered buildings, or Contaminate may cause inaccurate times.
  • Supply counts are checked every 10 seconds.